 Dungeon Crawl Stone Soup version 0.31-a0-1603-gbec6b6ccbf (webtiles) character file.

Game seed: 3443215060535610014

106820 croobank the Lord of Darkness (level 15, -1/74 HPs)
             Began as a Felid Summoner on Jan 7, 2024.
             Was the Champion of Kikubaaqudgha.
             Slain by an angel
             ... wielding a +1 sacred scourge of holy wrath
              (5 damage)
             ... on level 1 of the Elven Halls on Jan 8, 2024.
             The game lasted 03:17:45 (35385 turns).

croobank the Lord of Darkness (Felid Summoner)     Turns: 35385, Time: 03:17:45

Health: -1/74      AC:  7    Str:  4    XL:     15   Next: 98%
Magic:  2/32       EV: 22    Int: 33    God:    Kikubaaqudgha [******]
Gold:   2118       SH:  0    Dex: 16    Spells: 0/38 levels left
                                        Lives:  0   Deaths: 5

rFire   + . .        (weapon unavailable)
rCold   + . .        (shield unavailable)
rNeg    . . .        (body armour unavailable)
rPois   .            (helmet unavailable)
rElec   +            (cloak unavailable)
rCorr   .            (gloves unavailable)
SInv    +            (boots unavailable)
Will    ++...        p - amulet of magic regeneration
Stlth   ++           d - +4 ring of protection
HPRegen 1.12/turn    j - +6 ring of intelligence
MPRegen 0.63/turn

%: no passive effects
@: mighty, glowing, inugami summoned
A: very small, claws 1, fangs 3, see invisible, shaggy fur 3, stealthy paws, no
weapons or thrown items, no armour, multi-lived, fire resistance 1, regeneration
1, electricity resistance, MP-powered wands
a: Renounce Religion, Unearth Wretches, Torment


You were on level 1 of the Elven Halls.
You worshipped Kikubaaqudgha.
Kikubaaqudgha was exalted by your worship.
You visited 5 branches of the dungeon, and saw 24 of its levels.
You also visited: Bailey and Ice Cave.

You collected 2943 gold pieces.
You spent 825 gold pieces at shops.

Inventory:

Jewellery
 a - a +6 ring of dexterity
 b - a ring of willpower
 d - a +4 ring of protection (left paw)
 i - a ring of protection from cold
 j - a +6 ring of intelligence (right paw)
 l - an amulet of regeneration
 o - an amulet of faith
 p - an amulet of magic regeneration (around neck)
 y - a ring of ice
 z - an amulet of guardian spirit
Wands
 q - a wand of charming (27)
 w - a wand of polymorph (2)
 D - a wand of digging (6)
Scrolls
 h - a scroll of vulnerability
 m - a scroll of silence
 u - a scroll of poison
 v - 7 scrolls of revelation
 A - 5 scrolls of immolation
 E - a scroll of teleportation
Potions
 c - 3 potions of cancellation
 e - 3 potions of attraction
 f - 2 potions of enlightenment
 g - 6 potions of curing
 k - a potion of lignification
 n - 3 potions of berserk rage
 r - 3 potions of might
 s - a potion of mutation
 C - 2 potions of haste
 F - a potion of brilliance


   Skills:
 - Level 6.4 Fighting
 - Level 9.0 Dodging
 - Level 9.7 Stealth
 + Level 12.1 Spellcasting
 - Level 7.6 Summonings
 * Level 20.4 Necromancy
 - Level 5.0 Fire Magic
 - Level 5.0 Air Magic
 - Level 5.0 Earth Magic


You couldn't memorise any spells.
You knew the following spells:

 Your Spells              Type           Power      Damage    Failure   Level
b - Call Imp              Summ           100%       N/A       1%          2
c - Call Canine Familiar  Summ           63%        N/A       1%          3
d - Summon Blazeheart Go  Fire/Summ      57%        N/A       1%          4
e - Summon Lightning Spi  Summ/Air       58%        N/A       1%          4
A - Animate Dead          Necr           100%       N/A       0%          4
I - Infestation           Necr           50%        N/A       3%          8
M - Martyr's Knell        Necr/Summ      85%        N/A       1%          4
N - Anguish               Hex/Necr       36%        N/A       1%          4
V - Borgnjor's Vile Clut  Necr/Erth      40%        N/A       1%          5

Your spell library contained the following spells:

 Spells                   Type           Power      Damage    Failure   Level
 Necrotise                Necr           100%       1d9       0%          1
 Sublimation of Blood     Necr           100%       N/A       0%          2
 Fugue of the Fallen      Necr           100%       N/A       0%          3
 Dispel Undead            Necr           100%       3d31      0%          4
 Curse of Agony           Necr           100%       N/A       0%          5
 Summon Small Mammal      Summ           100%       N/A       1%          1
 Cigotuvi's Dreadful Rot  Necr/Alch/Air  100%       N/A       1%          2
 Mercury Vapours          Alch/Air       72%        N/A       1%          2
 Passwall                 Erth           52%        N/A       1%          3
 Swiftness                Air            52%        N/A       1%          3
 Death Channel            Necr           50%        N/A       1%          6
 Magic Dart               Conj           80%        1d7       2%          1
 Sting                    Conj/Alch      80%        1d8       2%          1
 Inner Flame              Hex/Fire       36%        N/A       2%          3
 Stone Arrow              Conj/Erth      72%        3d11      2%          3
 Ensorcelled Hibernation  Hex/Ice        40%        N/A       3%          2
 Searing Ray              Conj           40%        2d5       3%          2
 Mephitic Cloud           Conj/Alch/Air  31%        N/A       3%          3
 Borgnjor's Revivificati  Necr           50%        N/A       3%          8
 Haunt                    Necr/Summ      42%        N/A       6%          7
 Dazzling Flash           Conj/Hex       40%        N/A       7%          3
 Ozocubu's Armour         Ice            20%        N/A       7%          3
 Flame Wave               Conj/Fire      36%        2d10      9%          4
 Sticky Flame             Fire/Alch      36%        2d8       9%          4
 Summon Mana Viper        Hex/Summ       45%        N/A       13%         5
 Cause Fear               Hex            10%        N/A       22%         4
 Fulminant Prism          Conj/Alch      10%        3d9       22%         4
 Manifold Assault         Tloc           20%        N/A       22%         4
 Olgreb's Toxic Radiance  Alch           20%        N/A       22%         4
 Fireball                 Conj/Fire      18%        3d9       22%         5
 Silence                  Hex/Air        18%        N/A       22%         5
 Death's Door             Necr           50%        N/A       47%         9
 Irradiate                Conj/Alch      10%        3d15      54%         5
 Summon Hydra             Summ           31%        N/A       65%         7
 Spellforged Servitor     Conj/Summ      22%        N/A       99%         7
 Orb of Destruction       Conj           10%        9d6       100%        7
 Ignition                 Fire           26%        3d9       100%        8
 Lehudib's Crystal Spear  Conj/Erth      18%        10d5      100%        8
 Dragon's Call            Summ           31%        N/A       100%        9
 Animate Armour           Summ/Erth      Unusable   N/A       N/A         4

Dungeon Overview and Level Annotations

Branches:
Dungeon (15/15)            Temple (1/1) D:4            Lair (5/5) D:9
  Swamp (0/4) Lair:3        Snake (0/4) Lair:3        Slime (0/5) Lair:4
    Orc (2/2) D:12            Elf (1/3) Orc:2        Vaults (0/5) D:13
 Depths (0/4) D:15         Bailey (visited)           IceCv (visited)

Altars:
Ashenzari
Cheibriados
Dithmenos
Elyvilon
Fedhas
Gozag
Hepliaklqana
Kikubaaqudgha
Makhleb
Nemelex Xobeh
Okawaru
Qazlal
Ru
Sif Muna
Trog
Uskayaw
Vehumet
Wu Jian
Xom
Yredelemnul
Zin
The Shining One
Jiyva

Shops:
Orc:2 [=(

Portals:
Desolation: Elf:1

Annotations:
Lair:2 1 runed translucent door
Lair:4 1 runed translucent door
Lair:5 2 runed translucent doors, Doj's ghost, journeyman DsEE


Innate Abilities, Weirdness & Mutations

You have sharp claws.
You have razor-sharp teeth.
You have supernaturally acute eyesight. (SInv)
Your thick and shaggy fur keeps you warm. (AC +3, rC+)
Your paws help you pounce on unaware monsters.
You are incapable of wielding weapons or throwing items.
You cannot wear armour.
You gain extra lives every three experience levels.
Your flesh is heat resistant. (rF+)
Your natural rate of healing is unusually fast.
You are resistant to electric shocks. (rElec)
You expend magic power (3 MP) to strengthen your wands.


Message History

Aim: an angel, wielding a +1 sacred scourge of holy wrath and wearing a +0 robe (flame, almost dead, haloed, 100% to hit)
Zombie hands grab the angel.
The zombie hands constrict the angel.
The angel is engulfed in blazing flames.
The angel gestures.
The angel is healed somewhat.
The angel is engulfed in blazing flames.
The angel gestures.
The angel is healed somewhat.
You feel very mighty all of a sudden.
The zombie hands constrict the angel!
The angel is engulfed in blazing flames.
The angel struggles to escape constriction.
Okay, then.
The zombie hands constrict the angel!
The angel escapes!
The angel gestures.
The angel is healed somewhat.
Okay, then.
Unknown command.
Unknown command.
Casting: Borgnjor's Vile Clutch (dangerous; 1% risk of failure)
Confirm with . or Enter, or press ? or * to list all spells.
You call for your canine familiar and it appears with a howl!
An angel opens the door.
The angel gestures.
The angel is healed somewhat.
Your inugami misses the angel. You scratch the angel.
Your bite misses the angel.
The angel is severely wounded.
The angel hits you with a +1 sacred scourge of holy wrath!!
The angel hits you with a +1 sacred scourge of holy wrath!
Your inugami completely misses the angel.
You completely miss the angel. Your bite misses the angel.
The angel is severely wounded.
The angel hits you with a +1 sacred scourge of holy wrath!!
* * * LOW HITPOINT WARNING * * *
The angel hits you with a +1 sacred scourge of holy wrath!
* * * LOW HITPOINT WARNING * * *
The angel hits you with a +1 sacred scourge of holy wrath.
You die...
Kikubaaqudgha rasps: "You have failed me!
Welcome... death!"

## +## ##.
#+##.####
###..####.##..#@#
##..#...#..##.#'A##
.................h#
..................#
...##'')##(....##'#
. #.....#.....##.#
#.....#.....##.#
#.#.#.####..##.#
..........#..##.#


You could see an angel (ally target) and a friendly inugami (summoned).

Vanquished Creatures
  An angel (Elf:1)
  3 hydras
  5 two-headed ogres
  3 death yaks
  A boulder beetle (Lair:3)
  A dancing weapon (Elf:1)
  A centaur warrior (D:13)
  An occultist (D:15)
  A skyshark (Lair:2)
  A deep elf knight (Elf:1)
  An orc knight (D:15)
  A lindwurm (Lair:5)
  2 deep elf pyromancers
  An ugly thing (D:12)
  2 cyclopes
  2 black mambas
  An elephant (Lair:5)
  A torpor snail (Lair:5)
  2 gargoyles
  4 cane toads
  A kobold demonologist (D:13)
  2 rime drakes
  3 yaktaurs (D:13)
  7 komodo dragons
  2 tengu conjurers (D:15)
  A troll (D:6)
  A wolf spider simulacrum (D:15)
  4 polar bears
  A tyrant leech (Lair:3)
  7 blink frogs
  6 slime creatures
  2 shadows
  A wraith (D:10)
  A water elemental (D:15)
  2 hogs (D:13)
  20 yaks
  2 wyverns (Lair:1)
  A basilisk (Lair:1)
  A warg (D:15)
  5 vampire mosquitoes
  A swamp worm (Lair:3)
  2 acid dragons
  A great orb of eyes simulacrum (IceCv)
  A water moccasin (Lair:5)
  4 orc warriors
  4 ice beasts
  2 ogres
  9 wolves
  2 centaurs (D:9)
  2 boggarts (D:14)
  A slime creature simulacrum (IceCv)
  A kobold brigand (Bailey)
  A gnoll sergeant (D:8)
  6 bullfrogs
  A glowing shapeshifter simulacrum (IceCv)
  3 wights (D:7)
  9 killer bees
  2 electric eels (Lair:5)
  A howler monkey (D:4)
  2 orc priests
  A sleepcap (D:6)
  An orc wizard (D:3)
  A shapeshifter simulacrum (IceCv)
  2 gnolls (D:7)
  An adder (D:2)
  4 orcs
  2 bats (D:1)
  4 goblins
  A hobgoblin (D:2)
  2 quokkas
  3 ball pythons
  A frilled lizard (D:3)
  4 kobolds
  A rat (D:2)
188 creatures vanquished.

Vanquished Creatures (collateral kills)
  Kirke (D:13)
  2 rakshasas (D:15)
  2 hydras
  3 centaur warriors
  An ogre mage (D:15)
  4 vault guards (D:13)
  3 catoblepae
  8 two-headed ogres
  Erica (D:8)
  A deep troll shaman (Lair:5)
  A death yak (Lair:5)
  Urug (Lair:1)
  An orc high priest (Orc:2)
  2 tengu warriors
  Nergalle (Orc:2)
  A deep elf knight (Elf:1)
  Lodul (D:13)
  A deep elf archer (Elf:1)
  4 deep elf zephyrmancers (Elf:1)
  8 deep elf pyromancers (Elf:1)
  4 orc knights
  7 ugly things (D:15)
  2 cyclopes
  3 manticores
  2 orc sorcerers (Orc:2)
  A torpor snail (Lair:1)
  3 meliai (D:13)
  A kobold blastminer (Orc:1)
  An elephant (D:9)
  2 centaur skeletons (D:15)
  A gargoyle (D:12)
  2 cane toads
  A kobold demonologist (D:13)
  A komodo dragon (Lair:5)
  An efreet (D:15)
  2 yaktaurs (D:13)
  4 rime drakes
  2 tengu conjurers
  Psyche (D:8)
  A troll (D:13)
  Prince Ribbit (D:6)
  A tarantella (shapeshifter) (D:15)
  12 blink frogs
  2 dream sheep (Lair:5)
  14 slime creatures
  4 shadows
  An air elemental (Elf:1)
  4 wyverns
  16 yaks
  A wraith (D:14)
  3 hogs (D:13)
  5 vampire mosquitoes
  8 basilisks
  2 steam dragons
  An acid dragon (D:11)
  3 nagas (Lair:3)
  7 water moccasins
  23 orc warriors
  2 sky beasts
  2 hornet zombies (D:15)
  An ice beast (D:15)
  3 black bears
  11 ogres
  10 wolves
  6 boggarts (D:14)
  2 centaurs (D:11)
  A phantom (D:5)
  8 kobold brigands
  4 bullfrogs
  3 scorpions (D:5)
  2 gnoll sergeants
  An earth elemental (Elf:1)
  12 wights
  15 killer bees
  4 howler monkeys
  3 bombardier beetles
  18 orc priests
  A hound (D:4)
  4 jellies
  Terence (D:3)
  3 sleepcaps
  3 iguanas
  18 orc wizards
  A shapeshifter simulacrum (IceCv)
  A polar bear simulacrum (Lair:1)
  A wolf simulacrum (Lair:1)
  10 gnolls
  An orc zombie (Orc:2)
  7 adders
  2 white imps
  4 ufetubi
  2 dart slugs (D:3)
  A ribbon worm (D:4)
  40 orcs
  9 ball pythons
  9 bats
  4 endoplasms
  4 giant cockroaches
  8 goblins
  7 hobgoblins
  26 kobolds
  A quokka (D:3)
  A frilled lizard (D:2)
  A rat (D:2)
475 creatures vanquished.

Vanquished Creatures (others)
  An orc warlord (Orc:2)
  Nessos (Lair:4)
  An ogre mage (Orc:2)
  A catoblepas (D:13)
  A boulder beetle (Lair:3)
  4 deep elf knights (Elf:1)
  An orc knight (Orc:2)
  A necromancer (D:15)
  2 ugly things (D:15)
  A deep elf zephyrmancer (Elf:1)
  A salamander (Lair:3)
  2 elephants (Lair:5)
  A gargoyle (D:13)
  2 cane toads
  Maggie (D:10)
  2 komodo dragons
  3 rime drakes
  A tarantella (shapeshifter) (D:13)
  3 wyverns (Lair:1)
  4 yaks
  A basilisk (Lair:4)
  A human (Lair:2)
  A water moccasin (Lair:5)
  5 orc warriors
  2 elf zombies (Elf:1)
  6 wolves
  3 ogres (D:13)
  A kobold brigand (D:13)
  A bullfrog (Lair:4)
  2 orc priests (Orc:2)
  An ogre zombie (Orc:2)
  An ufetubus (D:6)
  5 orcs
  4 kobolds
  17 orc zombies
  123 blazeheart cores
208 creatures vanquished.

Grand Total: 871 creatures vanquished

Notes
Turn   | Place    | Note
-------+----------+-------------------------------------------
     0 | D:1      | croobank the Felid Summoner began the quest for the Orb.
     0 | D:1      | Reached XP level 1. HP: 9/9 MP: 4/4
   476 | D:1      | Reached XP level 2. HP: 12/13 MP: 4/6
   479 | D:1      | Learned a level 2 spell: Call Imp
  1405 | D:2      | Slain by an endoplasm
  1405 | D:2      | Lost a life (0 lives remaining)
  1600 | D:2      | Reached XP level 3. HP: 17/17 MP: 1/7
  1665 | D:2      | Learned a level 3 spell: Call Canine Familiar
  2148 | D:2      | Reached skill level 1 in Fighting
  2368 | D:3      | Noticed Terence
  2521 | D:3      | Reached XP level 4. HP: 22/22 MP: 3/9
  2521 | D:3      | Gained a life (1 life remaining)
  3600 | D:4      | Found a staircase to the Ecumenical Temple.
  3863 | D:3      | Reached XP level 5. HP: 11/25 MP: 4/11
  4116 | D:4      | Gained mutation: You are covered in thick fur. (AC +2)
                  | [Felid growth]
  4116 | D:4      | Reached XP level 6. HP: 21/30 MP: 7/12
  4142 | D:4      | Learned a level 4 spell: Summon Blazeheart Golem
  4311 | Temple   | Entered the Ecumenical Temple
  4606 | D:4      | Found a blossoming altar of Fedhas.
  4805 | D:4      | Reached skill level 1 in Fire Magic
  5252 | D:5      | Entered Level 5 of the Dungeon
  5338 | D:5      | Reached skill level 5 in Stealth
  5338 | D:5      | Reached skill level 5 in Summonings
  5338 | D:5      | Reached XP level 7. HP: 35/35 MP: 9/14
  5338 | D:5      | Gained a life (2 lives remaining)
  5343 | D:5      | Learned a level 4 spell: Summon Lightning Spire
  5892 | D:5      | Found a broken altar of Ashenzari.
  5924 | D:5      | Reached skill level 5 in Dodging
  6690 | D:6      | Reached XP level 8. HP: 40/40 MP: 10/16
  6705 | D:6      | Reached skill level 5 in Spellcasting
  7389 | D:6      | Noticed a troll
  7399 | D:6      | Killed a troll
  7606 | D:6      | Reached XP level 9. HP: 45/45 MP: 8/18
  7726 | D:6      | Noticed Prince Ribbit
  7747 | D:6      | Found a burning altar of Makhleb.
  7781 | D:6      | Killed Prince Ribbit
  8101 | D:6      | Reached skill level 5 in Fire Magic
  8832 | D:3      | Killed Terence
  8991 | D:7      | Reached skill level 5 in Fighting
  8991 | D:7      | Reached skill level 1 in Air Magic
  9473 | D:7      | Reached XP level 10. HP: 51/51 MP: 14/21
  9836 | D:7      | You fall into a shaft and drop 2 floors!
  9914 | D:9      | Noticed an elephant
  9924 | D:9      | Killed an elephant
 10291 | D:9      | Found a staircase to the Lair.
 10388 | D:9      | Found an iron altar of Okawaru.
 10650 | D:8      | Found a flagged portal.
 10679 | Bailey   | Entered a bailey
 11046 | Bailey   | Found a bloodstained altar of Trog.
 11136 | D:8      | Noticed Psyche
 11269 | D:8      | Killed Psyche
 11362 | D:8      | Noticed Erica
 11380 | D:8      | Killed from afar by Erica
 11380 | D:8      | Lost a life (1 life remaining)
 11546 | D:8      | Reached XP level 11. HP: 57/57 MP: 11/23
 11546 | D:8      | Gained a life (2 lives remaining)
 11614 | D:8      | Found an ancient bone altar of Kikubaaqudgha.
 11650 | D:8      | Killed Erica
 11774 | D:8      | Reached skill level 5 in Air Magic
 12246 | D:8      | Found a snail-covered altar of Cheibriados.
 12246 | D:8      | Found an ornate altar of the Wu Jian Council.
 12295 | D:8      | Became a worshipper of Kikubaaqudgha
 12333 | D:8      | Noticed a six-headed hydra
 12449 | D:8      | Reached skill level 1 in Necromancy
 12679 | D:9      | Found a hazy altar of Hepliaklqana.
 12735 | D:9      | Reached skill level 2 in Necromancy
 13060 | D:10     | Entered Level 10 of the Dungeon
 13105 | D:10     | Reached skill level 3 in Necromancy
 13107 | D:10     | Reached skill level 4 in Necromancy
 13116 | D:10     | Reached * piety under Kikubaaqudgha
 13116 | D:10     | Received a gift from Kikubaaqudgha
 13147 | D:10     | Noticed Maggie
 13159 | D:10     | Noticed a two-headed ogre
 13167 | D:10     | Your ally Maggie died
 13417 | D:10     | Reached skill level 5 in Necromancy
 13481 | D:10     | Killed a two-headed ogre
 13548 | D:10     | Found a glowing golden altar of the Shining One.
 13830 | D:11     | Reached skill level 6 in Necromancy
 13968 | D:11     | Noticed a two-headed ogre
 13979 | D:11     | Killed a two-headed ogre
 13980 | D:11     | Reached skill level 7 in Necromancy
 14017 | D:11     | Noticed a two-headed ogre
 14037 | D:11     | Killed a two-headed ogre
 14156 | D:11     | Reached skill level 8 in Necromancy
 14257 | D:11     | Identified the +2 hat "Lurchist" {Will+ rCorr Dex+2}
 14342 | D:11     | Noticed a centaur warrior
 14563 | D:11     | Killed a centaur warrior
 14564 | D:11     | Reached skill level 9 in Necromancy
 14679 | D:11     | Gained mutation: Your thick and shaggy fur keeps you warm.
                  | (AC +3, rC+) [Felid growth]
 14679 | D:11     | Reached XP level 12. HP: 62/62 MP: 20/24
 15272 | D:12     | Noticed a two-headed ogre
 15281 | D:12     | Killed a two-headed ogre
 15282 | D:12     | Reached skill level 10 in Necromancy
 15677 | D:12     | Found a bloodstained altar of Trog.
 15943 | D:12     | Reached skill level 11 in Necromancy
 16028 | D:13     | Noticed a centaur warrior
 16058 | D:13     | Reached ** piety under Kikubaaqudgha
 16063 | D:13     | Shot with a bolt by a yaktaur
 16063 | D:13     | Lost a life (1 life remaining)
 16258 | D:12     | Found a staircase to the Orcish Mines.
 16273 | D:12     | Reached skill level 12 in Necromancy
 17506 | Lair:1   | Entered Level 1 of the Lair of Beasts
 17539 | Lair:1   | Gained mutation: You occasionally lose the ability to drink
                  | potions when taking damage. [potion of mutation]
 17539 | Lair:1   | Gained mutation: You are resistant to electric shocks.
                  | (rElec) [potion of mutation]
 17539 | Lair:1   | Gained mutation: You are frail. (-10% HP) [potion of
                  | mutation]
 17540 | Lair:1   | Lost mutation: You are frail. (-10% HP) [potion of
                  | mutation]
 17540 | Lair:1   | Lost mutation: You occasionally lose the ability to drink
                  | potions when taking damage. [potion of mutation]
 17540 | Lair:1   | Gained mutation: Your natural rate of healing is unusually
                  | fast. [potion of mutation]
 17540 | Lair:1   | Gained mutation: You expend magic power (3 MP) to
                  | strengthen your wands. [potion of mutation]
 17540 | Lair:1   | Gained mutation: Your flesh is heat resistant. (rF+)
                  | [potion of mutation]
 17545 | Lair:1   | Reached skill level 13 in Necromancy
 17779 | Lair:1   | Found a frozen archway.
 17813 | IceCv    | Entered an ice cave
 17874 | Lair:1   | Reached *** piety under Kikubaaqudgha
 17874 | Lair:1   | Received a gift from Kikubaaqudgha
 18101 | Lair:1   | Learned a level 4 spell: Martyr's Knell
 18107 | Lair:1   | Learned a level 5 spell: Borgnjor's Vile Clutch
 18428 | Lair:1   | Learned a level 4 spell: Anguish
 18587 | Lair:1   | Noticed Urug
 18616 | Lair:1   | Reached XP level 13. HP: 65/65 MP: 20/25
 18616 | Lair:1   | Gained a life (2 lives remaining)
 18634 | Lair:1   | Identified a scroll of acquirement
 18634 | Lair:1   | Acquired Roodwae's Writings on Skeletons
 18650 | Lair:1   | Hit by a javelin thrown by Urug
 18650 | Lair:1   | Lost a life (1 life remaining)
 18661 | Lair:1   | Killed Urug
 18662 | Lair:1   | Reached skill level 14 in Necromancy
 18662 | Lair:1   | Reached skill level 1 in Earth Magic
 19940 | Lair:1   | Identified the +9 war axe "Attilac" {drain, *Rage rF+ rN++
                  | Int+3}
 20090 | Lair:1   | Identified the +0 chain mail of Theory {^Drain rPois Regen+
                  | Int+3}
 20530 | Lair:2   | Reached **** piety under Kikubaaqudgha
 20816 | Lair:2   | You fall into a shaft and drop 2 floors!
 20975 | Lair:4   | Found a runed translucent door.
 20976 | Lair:4   | Noticed an acid blob
 20977 | Lair:4   | Found a viscous altar of Jiyva.
 20977 | Lair:4   | Noticed an acid blob
 20978 | Lair:4   | Found a staircase to the Slime Pits.
 20978 | Lair:4   | Noticed an acid blob
 20978 | Lair:4   | Noticed an acid blob
 21377 | Lair:2   | Reached skill level 15 in Necromancy
 21575 | Lair:2   | Found a runed translucent door.
 21616 | Lair:2   | Noticed a tentacled starspawn
 23173 | Lair:3   | Found a staircase to the Swamp.
 23510 | Lair:3   | Found a staircase to the Snake Pit.
 24147 | Lair:4   | Noticed Nessos
 24154 | Lair:4   | HP: 2/65 [Nessos/arrow (22)]
 24154 | Lair:4   | Shot with an arrow by Nessos
 24154 | Lair:4   | Lost a life (0 lives remaining)
 24154 | Lair:4   | Killed Nessos
 24155 | Lair:4   | Reached skill level 5 in Earth Magic
 24155 | Lair:4   | Reached XP level 14. HP: 70/70 MP: 28/28
 24688 | Lair:5   | Entered Level 5 of the Lair of Beasts
 24944 | Lair:5   | Reached skill level 16 in Necromancy
 25073 | Lair:5   | Found a large runed translucent door.
 25757 | Lair:5   | Reached ***** piety under Kikubaaqudgha
 25759 | Lair:5   | Reached skill level 10 in Spellcasting
 26076 | Lair:5   | Found a large runed translucent door.
 26083 | Lair:5   | Noticed Doj's ghost (journeyman DsEE)
 27529 | Lair:5   | Got the Essays on the Retinue
 27605 | Lair:5   | Learned a level 8 spell: Infestation
 28409 | D:13     | Noticed Kirke
 28423 | D:13     | Killed Kirke
 28587 | D:13     | Noticed Lodul
 28599 | D:13     | Killed Lodul
 28793 | D:13     | Reached skill level 17 in Necromancy
 29193 | D:13     | Found a gate to the Vaults.
 30279 | D:14     | Found the +9 sword of Zonguldrok {reap}
 31361 | D:15     | Entered Level 15 of the Dungeon
 31696 | D:15     | Reached XP level 15. HP: 74/74 MP: 13/31
 32180 | D:15     | Reached skill level 18 in Necromancy
 32945 | D:15     | Reached ****** piety under Kikubaaqudgha
 33304 | D:15     | Found a staircase to the Depths.
 33526 | Orc:1    | Entered Level 1 of the Orcish Mines
 33537 | Orc:1    | Learned a level 4 spell: Animate Dead
 33945 | Orc:2    | Entered Level 2 of the Orcish Mines
 33965 | Orc:2    | Paralysed by an orc sorcerer for 4 turns
 34000 | Orc:2    | Noticed Nergalle
 34006 | Orc:2    | Killed Nergalle
 34007 | Orc:2    | Reached skill level 19 in Necromancy
 34076 | Orc:2    | Found Lunastru's Jewellery Shoppe.
 34184 | Orc:2    | Found a staircase to the Elven Halls.
 34203 | Orc:2    | Bought a ring of willpower for 375 gold pieces
 34203 | Orc:2    | Bought an amulet of magic regeneration for 450 gold pieces
 34409 | Orc:2    | Found a bloodstained altar of Trog.
 34492 | Orc:2    | Found Fanafe's Antique Armour Shoppe.
 34698 | Orc:2    | Found Ejebrost's Antique Weapon Shoppe.
 34713 | Orc:2    | Found Qaunt's General Store.
 34835 | Elf:1    | Entered Level 1 of the Elven Halls
 34868 | Elf:1    | Reached skill level 20 in Necromancy
 34881 | Elf:1    | Paralysed by an air elemental for 1 turns
 34884 | Elf:1    | Paralysed by an air elemental for 1 turns
 35151 | Elf:1    | Received a gift from Kikubaaqudgha (forbidden knowledge)
 35231 | Elf:1    | Found a glowing silver altar of Zin.
 35231 | Elf:1    | Found a white marble altar of Elyvilon.
 35232 | Elf:1    | Found a crumbling gateway.
 35233 | Elf:1    | Found a glowing golden altar of the Shining One.
 35385 | Elf:1    | Slain by an angel

Illustrated notes

Levels and vault maps discovered:
D:1:      minmay_arrival_solitary_statue, layout_loops_corners,
          minmay_misc_feat_tower, minmay_misc_feat_secret_circle
D:2:      layout_loops_ring, minmay_goblin_kobold_house
D:3:      minmay_angry_zag, layout_basic, minmay_tree_intersection, uniq_terence
D:4:      minmay_chambers_of_twos, layout_cave_pools,
          mainiacjoe_overflow_alcove_4, minmay_temple_entry_offerings
D:5:      layout_basic, evilmike_ruin_ashenzari
D:6:      hangedman_cross_stitches, layout_basic, makhleb_altar_promises_db,
          uniq_prince_ribbit1
D:7:      layout_basic
D:8:      layout_cave_pools, mainiacjoe_overflow_cross_hatched,
          gammafunk_temple_overflow_wave, enter_bailey_3, serial_column_ruins,
          column_ruins_hut, column_ruins_columns_straight,
          column_ruins_columns_corner, column_ruins_grid_3, column_ruins_grid_3,
          kennysheep_island_fort, uniq_psyche, uniq_erica
D:9:      layout_irregular_city, mainiacjoe_overflow_surrounded_room,
          kennysheep_mini, david_lair_generic
D:10:     layout_rooms, tso_metal_star, uniq_maggie
D:11:     layout_long_grid, kennysheep_generic_room_15
D:12:     layout_small_grid, orc_0_dummy, trog_ov_bears_minmay
D:13:     layout_irregular_city, lightli_vaults_fourway_checkpoint,
          serial_column_ruins, column_ruins_hut, column_ruins_grid_1,
          column_ruins_corridor_corner, column_ruins_open_large, uniq_kirke,
          uniq_lodul
D:14:     layout_stronghold, hangedman_decor_diamond_cutter
D:15:     grunt_enter_depths_magical_seal, layout_loops_ring, serial_ice,
          serial_ice_n, serial_ice_b, serial_ice_k, serial_ice_c,
          minmay_crystal_room
Temple:   nicolae_temple_god_jail
Lair:1:   regret_index_malice_mire, layout_loops_ring,
          portal_ice_cave_entry_ice_simulacra, minivault_24, uniq_urug
Lair:2:   layout_misc_corridors, pdpol_lair_cabin_in_the_woods
Lair:3:   layout_regular_city, palyth_hydra_swamp_entry,
          alex1729_snake_entry_snake
Lair:4:   layout_regular_city, slime_entry_2, uniq_nessos
Lair:5:   grunt_lair_end_beastmaster, layout_regular_city,
          ebering_ghost_disaster_area, serial_bayou_lagoon_b, grunt_megastairs_3
Orc:1:    layout_caves
Orc:2:    grunt_orc_cross, layout_caves, basic_altar
Elf:1:    eino_elf_arrival_sip, layout_geoelf_octagon,
          portal_desolation_entry_holy_temple, nicolae_elf_shapeshifter_party

Skill      XL: |  1  2  3  4  5  6  7  8  9 10 11 12 13 14 15 |
---------------+----------------------------------------------+-----
Stealth        | 3 4 5 6 8 9 |  9.7
Dodging        | 3 4 5 6 7 8 9 |  9.0
Fighting       | 1 2 3 4 5 6 |  6.4
Spellcasting   | 3 4 5 7 9 11 12 | 12.1
Fire Magic     | 1 2 4 5 |  5.0
Summonings     | 5 6 7 |  7.6
Air Magic      | 2 4 5 |  5.0
Necromancy     | 9 13 15 17 20 | 20.4
Earth Magic    | 5 |  5.0

Action                     |  1- 3 |  4- 6 |  7- 9 | 10-12 | 13-15 || total
---------------------------+-------+-------+-------+-------+-------++-------
  Melee: Unarmed           |    50 |    28 |    24 |   100 |   136 ||   338
         Bite              |     2 |     2 |     2 |     9 |    25 ||    40
         Punch             |       |     1 |       |       |     2 ||     3
   Cast: Summon Small Mamm |    36 |    41 |    25 |     7 |       ||   109
         Call Imp          |    22 |    23 |    18 |    20 |    20 ||   103
         Call Canine Famil |     2 |    12 |    17 |    31 |    35 ||    97
         Summon Blazeheart |       |     1 |    21 |    84 |   103 ||   209
         Summon Lightning  |       |       |    12 |    50 |    81 ||   143
         Anguish           |       |       |       |     2 |   132 ||   134
         Borgnjor's Vile C |       |       |       |       |    30 ||    30
         Martyr's Knell    |       |       |       |       |    21 ||    21
         Infestation       |       |       |       |       |    53 ||    53
         Animate Dead      |       |       |       |       |     7 ||     7
 Invoke: Receive Forbidden |       |       |       |       |     1 ||     1
         Unearth Wretches  |       |       |       |       |     1 ||     1
  Evoke: Wand              |       |       |     2 |    18 |    22 ||    42
    Use: Potion            |       |     1 |     1 |    16 |     7 ||    25
         Scroll            |       |       |    11 |    18 |    17 ||    46
   Stab: Sleeping          |     7 |     1 |     5 |     4 |     1 ||    18
         Distracted        |       |       |     1 |     3 |     2 ||     6
         Invisible         |       |       |       |       |     1 ||     1
         Paralysed         |       |       |       |       |     1 ||     1
 Armour: Skin              |    18 |    22 |    18 |   143 |   198 ||   399
  Dodge: Dodged            |    52 |    36 |    56 |   278 |   347 ||   769

Table legend: (Time is in decaauts)
 A = Elapsed time spent in this place.
 B = Non-inter-level travel time spent in this place.
 C = Inter-level travel time spent in this place.
 D = Time resting spent in this place.
 E = Time spent auto-exploring this place.
 F = Levels seen in this place.
 G = Mean time per level.
                   A        B        C        D        E       F      G
               +--------+--------+--------+--------+--------+-----+--------+
         Total |  35450 |  34156 |   1294 |   9814 |  17247 |  26 | 1363.5 |
       Dungeon |  22678 |  21627 |   1051 |   6004 |  11314 |  15 | 1511.9 |
        Temple |      1 |      0 |      1 |      0 |      0 |   1 |    1.0 |
          Lair |  10453 |  10230 |    223 |   3439 |   4832 |   5 | 2090.6 |
  Orcish Mines |   1308 |   1291 |     17 |     42 |    919 |   2 |  654.0 |
   Elven Halls |    551 |    550 |      1 |     87 |    128 |   1 |  551.0 |
        Bailey |    422 |    422 |      0 |    239 |     53 |   1 |  422.0 |
      Ice Cave |     33 |     33 |      0 |      3 |      0 |   1 |   33.0 |
               +--------+--------+--------+--------+--------+-----+--------+

Top non-repeatable levels by time:
  Lair:1: 3152 daAuts
  Lair:5: 2958 daAuts
    D:13: 2112 daAuts
    D:14: 2090 daAuts
     D:3: 2046 daAuts
    D:15: 1932 daAuts
  Lair:3: 1889 daAuts
     D:6: 1889 daAuts
    D:12: 1790 daAuts
     D:9: 1475 daAuts
     D:4: 1389 daAuts
    D:11: 1364 daAuts
  Lair:2: 1348 daAuts
     D:1: 1297 daAuts
     D:5: 1293 daAuts
